 Dungeon Crawl Stone Soup version 0.23.2 (webtiles) character file.

Game seed: 818195203056261407

322 PikkenKukken the Stinger (level 6, -4/52 HPs)
             Began as a Naga Venom Mage on Apr 6, 2019.
             Slain by a wight
             ... wielding a +2 flail
              (6 damage)
             ... on level 3 of the Dungeon.
             The game lasted 00:15:07 (4014 turns).

PikkenKukken the Stinger (Naga Venom Mage)          Turns: 4014, Time: 00:15:07

Health: -4/52      AC:  8    Str: 11    XL:     6   Next: 47%
Magic:  9/9        EV:  8    Int: 16    God:
Gold:   223        SH:  0    Dex: 12    Spells: 3/9 levels left

rFire    . . .     SeeInvis +   e - +0 dagger
rCold    + + .     Gourm    .   (no shield)
rNeg     . . .     Faith    .   a - +0 robe
rPois    +         Spirit   .   (no helmet)
rElec    .         Reflect  .   (no cloak)
rCorr    .         Harm     .   (no gloves)
MR       .....                  f - +1 naga barding (curse)
Stlth    ++........             (no amulet)
HPRegen  0.17/turn              (no ring)
MPRegen  0.11/turn              (no ring)

@: drained, very slow
A: large, see invisible, cold resistance 2, deformed body, sense surroundings 1,
poison resistance, slowness 2, slow metabolism 1, spit poison 1, AC +2
a: Spit Poison


You were on level 3 of the Dungeon.
You were not hungry.

You visited 1 branch of the dungeon, and saw 4 of its levels.

You collected 223 gold pieces.

Inventory:

Hand Weapons
 e - a +0 dagger (weapon)
Armour
 a - a +0 robe (worn)
 f - a cursed +1 naga barding (worn)
Jewellery
 l - an uncursed ring of wizardry {unknown}
Scrolls
 d - 3 scrolls of teleportation
 g - a scroll of identify
 k - a scroll of remove curse
Potions
 b - a potion of brilliance
 h - 2 potions of heal wounds
 i - a potion of degeneration {unknown}
 j - 2 potions of curing
 m - a potion of agility
 n - a potion of haste
 o - a potion of berserk rage
Comestibles
 c - 5 rations
 p - 2 chunks of flesh


   Skills:
 - Level 2.0(0.9) Fighting
 - Level 2.2(1.2) Dodging
 - Level 5.0(3.9) Stealth
 - Level 2.0(0.9) Spellcasting
 + Level 3.1(2.0) Conjurations
 - Level 2.0(1.0) Air Magic
 + Level 5.6(4.4) Poison Magic


You had 3 spell levels left.
You knew the following spells:

 Your Spells              Type           Power        Failure   Level  Hunger
a - Sting                 Conj/Pois      ##..         6%          1    ##.....
b - Poisonous Vapours     Pois/Air       #.....       12%         2    ###....
c - Mephitic Cloud        Conj/Pois/Air  #.......     24%         3    ####...

Your spell library contained the following spells:

 Spells                   Type           Power        Failure   Level  Hunger
 Olgreb's Toxic Radiance  Pois           ###.....     36%         4    #####..
 Venom Bolt               Conj/Pois      ##........   86%         5    ######.


Dungeon Overview and Level Annotations

Branches:
Dungeon (4/15)
 Temple: D:4-7

Altars:
Dithmenos
Okawaru

Annotations:
D:3 2 transporters


Innate Abilities, Weirdness & Mutations

You cannot wear boots.
Your serpentine skin is tough. (AC +2)
You have supernaturally acute eyesight. (SInv)
Armour fits poorly on your strangely shaped body.
Your system is resistant to poisons. (rPois)
You cover ground very slowly.
You have a slow metabolism.
You can spit poison.
Your flesh is very cold resistant. (rC++)
You passively map a small area around you.


Message History

The wight hits you with a +2 flail!
You hit the wight.
The wight is moderately damaged.
The wight hits you with a +2 flail!
* * * LOW HITPOINT WARNING * * *
You closely miss the wight.
The wight is moderately damaged.
The wight closely misses you.
You hit the wight.
The wight is heavily damaged.
You barely miss the wight.
The wight is heavily damaged.
The wight hits you with a +2 flail.
* * * LOW HITPOINT WARNING * * *
You feel drained.
* * * LOW HITPOINT WARNING * * *
You hit the wight but do no damage.
The wight is heavily damaged.
The wight hits you with a +2 flail.
You die...

#.#.##.............#.####..#####
#.#.##.......#..................
#>#.##.......#......#.###..#####
##<####.......#......#.###..#
.)[.).).....<...............#
........#'##.........#.###..#####
........#.##.....................
###'..###.......####[#.###..#####
...#............@.>....# #..#
#+.#..###.......z###.#.###..#####
.#.#..# #.#....©..(.....##..[....
.#.#.## #.#.#######............##
.#.#.# #.#.#8.©.8#...#.###.####
.#.#.# #.#.#P.!.P#......####
#'.#.# #.#.###+###....<...#
...#.# ###.#;...≈#.##...###
###'.# #.#≈...≈#(###...#######


You could see an electric eel and a wight.

Vanquished Creatures
  An ogre (D:4)
  2 orc wizards (D:3)
  9 adders
  7 worms
  3 dart slugs
  2 leopard geckos
  6 orcs (D:3)
  5 giant cockroaches (D:2)
  9 goblins
  10 hobgoblins
  7 kobolds
  A ball python (D:3)
  4 bats
  4 frilled lizards
  8 rats
78 creatures vanquished.

Notes
Turn   | Place    | Note
-------+----------+-------------------------------------------
     0 | D:1      | PikkenKukken the Naga Venom Mage began the quest for the
                  | Orb.
     0 | D:1      | Reached XP level 1. HP: 15/15 MP: 3/3
   339 | D:1      | Reached XP level 2. HP: 18/24 MP: 3/5
   453 | D:1      | Learned a level 2 spell: Poisonous Vapours
   528 | D:1      | Reached skill level 1 in Fighting
   898 | D:2      | Found a shadowy altar of Dithmenos.
   929 | D:2      | Reached XP level 3. HP: 31/31 MP: 1/6
  1248 | D:2      | Learned a level 3 spell: Mephitic Cloud
  1790 | D:2      | Reached XP level 4. HP: 27/39 MP: 1/7
  2225 | D:2      | Gained mutation: Your tail ends in a poisonous barb.
                  | [potion of mutation]
  2225 | D:2      | Gained mutation: You are frail. (-10% HP) [potion of
                  | mutation]
  2225 | D:2      | Gained mutation: Your body sometimes deteriorates upon
                  | taking damage. [potion of mutation]
  2225 | D:2      | Gained mutation: Your flesh is cold resistant. (rC+)
                  | [potion of mutation]
  2226 | D:2      | Lost mutation: Your tail ends in a poisonous barb. [potion
                  | of mutation]
  2226 | D:2      | Lost mutation: Your body sometimes deteriorates upon taking
                  | damage. [potion of mutation]
  2226 | D:2      | Lost mutation: You are frail. (-10% HP) [potion of
                  | mutation]
  2226 | D:2      | Gained mutation: Your flesh is very cold resistant. (rC++)
                  | [potion of mutation]
  2226 | D:2      | Gained mutation: You passively map a small area around you.
                  | [potion of mutation]
  2246 | D:3      | Found a transporter.
  2583 | D:3      | Found an iron altar of Okawaru.
  2638 | D:3      | Found a transporter.
  2799 | D:3      | Reached skill level 5 in Stealth
  2799 | D:3      | Reached skill level 1 in Air Magic
  2799 | D:3      | Reached XP level 5. HP: 43/45 MP: 3/8
  3753 | D:3      | Reached skill level 5 in Poison Magic
  3753 | D:3      | Reached XP level 6. HP: 52/52 MP: 9/9
  4013 | D:3      | HP: 2/52 [wight/+2 flail (1)]
  4014 | D:3      | Slain by a wight

Skill      XL: |  1  2  3  4  5  6 |
---------------+-------------------+-----
Fighting       | 1 2 |  2.0
Dodging        | 2 |  2.2
Stealth        | 4 5 |  5.0
Air Magic      | 1 2 |  2.0
Conjurations   | 2 3 |  3.1
Poison Magic   | 5 |  5.6
Spellcasting   | |  2.0

Action                   |  1- 3 |  4- 6 || total
-------------------------+-------+-------++-------
Melee: Dagger            |    61 |   161 ||   222
       Unarmed           |     7 |       ||     7
 Cast: Sting             |    16 |    21 ||    37
       Poisonous Vapours |    20 |    13 ||    33
       Mephitic Cloud    |       |     7 ||     7
 Abil: Spit Poison       |       |     1 ||     1
  Use: Scroll            |     4 |     7 ||    11
       Potion            |       |     3 ||     3
 Stab: Sleeping          |     5 |     4 ||     9
       Confused          |       |     4 ||     4
  Eat: Chunk             |     3 |     9 ||    12
Armor: Robe              |     7 |    67 ||    74
Dodge: Dodged            |    38 |    70 ||   108
